 Dungeon Crawl Stone Soup version 0.19-a0-1513-gf6d23ed (webtiles) character file.

902013 fernweh the Conqueror (level 27, -11/245 HPs)
             Began as a Minotaur Monk on Sept 9, 2016.
             Was the Champion of Cheibriados.
             Killed from afar by a Brimstone Fiend (45 damage)
             ... with damnation
             ... on level 7 of Gehenna on Sept 13, 2016.
             The game lasted 07:55:46 (85897 turns).

fernweh the Conqueror (Minotaur Monk)              Turns: 85897, Time: 07:55:46

Health: -11/245    AC: 39    Str: 31 (32) XL:     27
Magic:  36/36      EV: 38    Int: 25 (28) God:    Cheibriados [******]
Gold:   8988       SH: 33    Dex: 44 (45) Spells: 6 memorised, 32 levels left

rFire  + + +     SeeInvis .     f - +8 falchion (freeze)
rCold  + + +     Gourm    .     L - +0 gold dragon armour
rNeg   + + +     Faith    .     q - +3 large shield {AC+3}
rPois  +         Spirit   .     m - +2 hat {MR+}
rElec  +         Dismiss  .     w - +2 cloak {MR+}
rCorr  +         Reflect  .     U - +3 pair of gauntlets of War {Slay+5}
MR     +++++     Harm     .     F - +2 pair of boots
Stlth  .......... Clarity  +    Q - amulet of the Four Winds {rN+ MR+++ Clar}
                                K - ring "Kuz Nas" {rF+ rC+ rN+ MR-}
                                S - ring "Uthuapes" {+Fly rF+ rN+ Int+4}

@: agile, resistant, very slow
A: retaliatory headbutt, horns 2, thin metallic scales 1, berserk 3, clever 1,
deformed body, deterioration 1, frail 1, screaming 2, shaggy fur 1, MP-powered
wands
a: Bend Time, Temporal Distortion, Slouch, Step From Time, Renounce Religion,
Evoke Flight
}: 5/15 runes: barnacled, slimy, silver, abyssal, gossamer


You were on level 7 of Gehenna.
You worshipped Cheibriados.
Cheibriados was exalted by your worship.
You were not hungry.

You visited 14 branches of the dungeon, and saw 67 of its levels.
You visited Pandemonium 1 time, and saw 1 of its levels.
You visited the Abyss 8 times.
You also visited: Ossuary and Ice Cave.

You collected 10552 gold pieces.
You spent 1564 gold pieces at shops.

Inventory:

Hand Weapons
 f - a +8 falchion of freezing (weapon)
 t - the +4 long sword "Wusoimoz" {slice, *Noise rElec Int+3}
   (You took it off a deep elf sorcerer on level 3 of the Elven Halls)

   It inflicts extra damage upon your enemies.
   It affects your intelligence (+3).
   It insulates you from electricity.
   It may make noises in combat.
 G - a +4 demon blade of flaming
 O - a +5 long sword of holy wrath
Missiles
 j - 8 steel javelins
 z - 4 javelins of penetration (quivered)
 A - 39 javelins
Armour
 g - a shadow dragon hide
 m - a +2 hat of magic resistance (worn)
 p - the quicksilver dragon armour "Noippal" {MR+ Dex+3}
   (You acquired it on level 1 of the Spider Nest)

   It affects your dexterity (+3).
   It affects your resistance to hostile enchantments.
 q - a +3 large shield of protection (worn)
 w - a +2 cloak of magic resistance (worn)
 F - a +2 pair of boots (worn)
 L - a +0 gold dragon armour (worn)
 U - the +3 pair of gauntlets of War (worn) {Slay+5}
   (You bought it in a shop on level 2 of the Vaults)

   It affects your accuracy and damage with ranged weapons and melee attacks
   (+5).
Jewellery
 o - the ring of Xom's Sleight of Hands {rPois EV+3 Dex+3}
   (You took it off a deep elf knight on level 3 of the Depths)

   [ring of evasion]

   It affects your evasion (+3).
   It affects your dexterity (+3).
   It protects you from poison.
 u - the ring "Plog" {rElec MR+ Str+2 Dex+3}
   (You found it on level 3 of the Depths)

   [ring of strength]

   It affects your strength (+2).
   It affects your dexterity (+3).
   It insulates you from electricity.
   It affects your resistance to hostile enchantments.
 v - the ring "Hejaob" {rCorr +Blink rPois MR- SInv}
   (You took it off a tengu reaver on level 3 of the Depths)

   [ring of resist corrosion]

   It protects you from poison.
   It affects your resistance to hostile enchantments.
   It lets you see invisible.
   It lets you blink.
 y - an uncursed amulet of magic regeneration {unknown}
 K - the ring "Kuz Nas" (right hand) {rF+ rC+ rN+ MR-}
   (You found it on level 3 of the Crypt)

   [ring of positive energy]

   It protects you from fire.
   It protects you from cold.
   It protects you from negative energy.
   It affects your resistance to hostile enchantments.
 Q - the amulet of the Four Winds (around neck) {rN+ MR+++ Clar}
   (You found it on level 5 of the Pits of Slime)

   [amulet of nothing]

   It protects you from negative energy.
   It affects your resistance to hostile enchantments.
   It protects you against confusion.
 S - the ring "Uthuapes" (left hand) {+Fly rF+ rN+ Int+4}
   (You took it off a deep elf blademaster on level 3 of the Elven Halls)

   [ring of intelligence]

   It affects your intelligence (+4).
   It protects you from fire.
   It protects you from negative energy.
   It lets you fly.
 T - the ring of Lyfaeck {-Tele rF+++ rC- Int+4 Slay+5 SInv}
   (You took it off a necromancer on level 3 of the Crypt)

   [ring of intelligence]

   It affects your intelligence (+4).
   It affects your accuracy and damage with ranged weapons and melee attacks
   (+5).
   It renders you almost immune to fire.
   It makes you vulnerable to cold.
   It lets you see invisible.
   It prevents most forms of teleportation.
 W - a +6 amulet of reflection
Wands
 I - a wand of teleportation (1/9)
 V - a wand of disintegration (15/24)
Scrolls
 a - 8 scrolls of fog
 b - 2 scrolls of recharging
 h - 14 scrolls of teleportation
 k - 4 scrolls of blinking
 r - 31 scrolls of remove curse
 B - 2 scrolls of amnesia
 H - 4 scrolls of magic mapping
 N - 3 scrolls of silence
 P - 3 scrolls of enchant armour
 R - 21 scrolls of identify
 Z - 6 scrolls of fear
Potions
 d - 2 potions of cancellation
 e - a potion of cure mutation
 i - 3 potions of invisibility
 l - 5 potions of agility
 s - 6 potions of magic
 x - 6 potions of curing
 C - a potion of heal wounds
 E - 2 potions of flight
Miscellaneous
 M - the horn of Geryon
Comestibles
 c - 29 bread rations
 n - 22 meat rations
 D - 9 beef jerkies


   Skills:
 O Level 27 Fighting
 - Level 25.3 Long Blades
 - Level 16.3 Throwing
 + Level 23.1 Armour
 + Level 23.8 Dodging
 - Level 1.5 Stealth
 - Level 25.2 Shields
 - Level 5.0 Unarmed Combat
 - Level 8.3 Spellcasting
 - Level 8.1 Transmutations
 - Level 20.3 Invocations
 + Level 13.5 Evocations


You had 32 spell levels left.
You knew the following spells:

 Your Spells              Type           Power        Failure   Level  Hunger
a - Passwall              Tmut/Erth      ####......   14%         2    None
b - Regeneration          Chrm/Necr      ##........   95%         3    None
c - Pain                  Necr           ##..         41%         1    None
d - Summon Butterflies    Summ           ##......     41%         1    None
e - Swiftness             Chrm/Air       ##......     67%         2    None
f - Apportation           Tloc           ##........   41%         1    None


Dungeon Overview and Level Annotations

Branches:
Dungeon (15/15)            Temple (0/1) D:7            Lair (6/6) D:11
 Shoals (4/4) Lair:4       Spider (4/4) Lair:4        Slime (5/5) Lair:6
    Orc (2/2) D:9             Elf (3/3) Orc:2        Vaults (5/5) D:14
  Crypt (3/3) Vaults:2       Tomb (2/3) Crypt:3      Depths (5/5) D:15
   Hell (1/1)                 Dis (0/7) Hell            Geh (7/7) Hell
    Coc (0/7) Hell            Tar (0/7) Hell            Zot (5/5) Depths:5

Altars:
Ashenzari
Cheibriados
Dithmenos
Elyvilon
Fedhas
Gozag
Kikubaaqudgha
Nemelex Xobeh
Qazlal
Ru
Sif Muna
Trog
Vehumet
Xom
Yredelemnul
The Shining One
Beogh
Jiyva

Shops:
D:11 (%**   Orc:1 [   Orc:2 [*(:?   Vaults:2 [   Vaults:4 (   Depths:3 *=

Portals:
Hell: Depths:1 Depths:3 Depths:4 Depths:5
Abyss: Depths:4 Depths:5
Pandemonium: Depths:1 Depths:3
Ziggurat: Depths:1

Annotations:
Hell exclusion: ice statue
Geh:7 Asmodeus


Innate Abilities, Weirdness & Mutations

You reflexively headbutt those who attack you in melee.
You have a pair of horns on your head.
You are partially covered in thin metallic scales. (AC +2)
You have an uncontrollable temper.
Your mind is acute. (Int +2)
Armour fits poorly on your strangely shaped body.
Your body sometimes deteriorates upon taking damage.
You are frail. (-10% HP)
You sometimes yell uncontrollably at your foes.
You are covered in fur. (AC +1)
You expend magic power (3 MP) to strengthen your wands.


Message History

The Brimstone Fiend gestures at you.
The sphere of damnation explodes!
The damnation engulfs you!
* * * LOW HITPOINT WARNING * * *
The damnation engulfs the Brimstone Fiend.
The Brimstone Fiend completely resists.
You hit the Brimstone Fiend. You freeze the Brimstone Fiend.
You headbutt the Brimstone Fiend, but do no damage.
The Brimstone Fiend is moderately wounded.
The Brimstone Fiend calls on the powers of darkness!
Your body is wracked with pain!
* * * LOW HITPOINT WARNING * * *
Your magical contamination has completely faded away.
You slice the Brimstone Fiend!! You freeze the Brimstone Fiend.
You headbutt the Brimstone Fiend!!
The Brimstone Fiend is severely wounded.
You hit the Brimstone Fiend. You freeze the Brimstone Fiend.
The Brimstone Fiend is severely wounded.
The Brimstone Fiend gestures at you.
The sphere of damnation explodes!
The damnation engulfs you!
You die...

.# .#
.# ##
######
#...@#
#.##1#
|.#
####


You could see a Brimstone Fiend.

Vanquished Creatures
  the Royal Jelly (Slime:5)
  6 ancient liches
  Khufu (Crypt:1)
  Mennas (Crypt:1)
  Mara (Depths:3)
  4 juggernauts
  Sojobo (Depths:3)
  4 greater mummies
  Bai Suzhen (Shoals:3)
  Margery (Vaults:3)
  A Killer Klown (Zot:3)
  Saint Roka (Depths:5)
  Frederick (Crypt:3)
  7 caustic shrikes
  Geryon (Hell)
  2 curse toes (Zot:4)
  5 golden dragons
  Jory (Depths:3)
  10 bone dragons
  The ghost of Fruden the Devastator, an adept DgWn (Depths:1)
  Jorgrun (Shoals:4)
  10 Brimstone Fiends
  A hellephant (Abyss:1)
  Arachne (Spider:3)
  4 electric golems
  12 liches
  13 tentacled monstrosities
  Rupert (Orc:2)
  An Ice Fiend (Geh:7)
  Asterion (Elf:1)
  6 titans
  37 acid blobs
  4 Orb Guardians (Zot:5)
  2 quicksilver dragons (Depths:2)
  2 deep elf blademasters
  A kraken (Shoals:4)
  An eldritch tentacle (Geh:2)
  A deep elf master archer (Elf:3)
  26 tentacled starspawn
  6 ancient champions
  8 sphinxes
  Murray (Hell)
  2 acid blobs (shapeshifter)
  A thorn hunter (Abyss:5)
  6 death cobs
  Kirke (Spider:3)
  2 Executioners
  15 storm dragons
  Donald (Spider:4)
  11 shadow dragons
  2 revenants
  Roxanne (Spider:2)
  16 azure jellies
  15 tengu reavers
  5 draconian monks
  A daeva (Abyss:3)
  Ilsuiw (Shoals:4)
  4 iron dragons
  2 draconian knights (Zot:1)
  11 fire giants
  13 vault wardens
  19 frost giants
  Louise (D:15)
  13 deep elf sorcerers
  A warmonger (Pan)
  A draconian scorcher (Zot:1)
  7 ghost moths
  8 balrugs
  Aizul (Spider:3)
  5 ghouls
  8 draconian shifters
  6 emperor scorpions
  An orc warlord (Orc:2)
  A ghost moth (shapeshifter) (Depths:3)
  5 draconian zealots
  7 deep elf elementalists
  A cacodemon (Abyss:1)
  3 draconian annihilators
  15 ironheart preservers
  4 draconian callers
  42 very ugly things
  32 stone giants
  3 war gargoyles
  17 reapers
  5 spriggan defenders
  An ophan (Abyss:4)
  An entropy weaver (shapeshifter) (Vaults:3)
  9 entropy weavers
  10 vampire knights
  10 deep elf demonologists
  3 mottled draconians
  6 green draconians
  15 deep elf annihilators
  A dire elephant (Lair:6)
  5 lorocyprocas
  Azrael (D:12)
  11 black draconians
  5 yellow draconians
  10 spark wasps
  2 purple draconians (Zot:3)
  6 red draconians
  11 deep elf death magi
  4 merfolk javelineers
  3 white draconians
  6 merfolk impalers
  19 eidola
  9 crystal guardians
  A green death (Abyss:2)
  21 ettins
  8 mummy priests
  7 blizzard demons
  26 death oozes
  15 yaktaur captains
  7 deep elf high priests
  15 fire dragons
  Josephine (Orc:2)
  5 jiangshi (Crypt:1)
  14 great orbs of eyes
  A quicksilver dragon skeleton (Crypt:3)
  2 great orbs of eyes (shapeshifter) (Abyss:4)
  A kraken zombie (Hell)
  12 rakshasas
  7 hydras
  69 large abominations
  10 spriggan air magi
  31 vault guards
  26 ice dragons
  A naga warrior (Abyss:5)
  A ghost crab (shapeshifter) (Vaults:4)
  2 alligator snapping turtles
  6 death knights
  14 centaur warriors
  A satyr (Shoals:3)
  An anaconda (shapeshifter) (Vaults:2)
  8 merfolk aquamancers
  22 dancing weapons
  14 deep troll earth magi
  7 vampire magi
  3 merfolk avatars
  7 tengu warriors
  33 death scarabs
  3 orc high priests (Orc:2)
  6 deep troll shamans
  18 ogre magi
  13 death yaks
  20 thrashing horrors
  10 hell hogs
  5 spriggan berserkers
  2 storm dragon zombies
  A naga sharpshooter (Depths:3)
  24 wretched stars
  A shock serpent (shapeshifter) (Elf:1)
  A titan zombie (Geh:7)
  Nergalle (D:10)
  27 deep elf knights
  10 soul eaters
  2 titan skeletons
  2 fire crabs (shapeshifter)
  15 sun demons
  An entropy weaver zombie (Crypt:2)
  8 shadow wraiths
  51 hell knights
  11 iron trolls
  57 small abominations
  2 golden dragon zombies (Crypt:3)
  A ghost moth zombie (Hell)
  9 sea snakes
  8 skeletal warriors
  6 spatial maelstroms
  2 storm dragon skeletons
  10 sixfirhies
  A death drake (shapeshifter) (Elf:3)
  A spark wasp zombie (Crypt:2)
  A shadow demon (Abyss:5)
  17 unseen horrors
  A death drake (Abyss:3)
  2 anaconda zombies
  7 flayed ghosts
  20 deep elf archers
  11 ironbrand convokers
  5 giant orange brains
  29 deep trolls
  2 sea snakes (shapeshifter)
  A shadow dragon zombie (Tomb:1)
  A gelid demonspawn (Pan)
  3 golden dragon skeletons
  14 hill giants
  A lindwurm (shapeshifter) (Depths:3)
  5 spectral wolf spiders (Spider:4)
  2 swamp dragons (shapeshifter)
  10 wizards
  6 anaconda skeletons
  A torturous demonspawn (Pan)
  39 necromancers
  15 phantasmal warriors
  An orange crystal statue (Depths:2)
  12 orc knights
  16 harpies
  A harpy (shapeshifter) (Vaults:1)
  2 iron dragon zombies
  69 deep elf magi
  The ghost of meatyocre the Spear-Bearer, a novice MiMo of the Shining One (D:6)
  4 fire giant zombies
  2 shadow dragon skeletons
  A mana viper (Abyss:1)
  A mana viper (shapeshifter) (Vaults:5)
  24 orb spiders
  4 frost giant zombies
  An oklob plant (Lair:6)
  3 wolf spider zombies
  9 orc sorcerers
  12 hornets
  31 wolf spiders
  Maurice (D:8)
  A faun (shapeshifter) (Depths:4)
  13 worldbinders
  5 cyclopes
  A manticore (shapeshifter) (Depths:3)
  61 ugly things
  8 manticores
  5 shining eyes
  16 griffons
  7 rust devils
  30 moths of wrath
  2 frost giant skeletons
  8 fauns
  2 salamanders (shapeshifter)
  4 stone giant zombies
  5 elephants (Lair:6)
  3 guardian serpents
  5 apocalypse crabs
  A shock serpent zombie (Abyss:3)
  17 vault sentinels
  31 smoke demons
  8 molten gargoyles
  8 black mambas
  4 dire elephant zombies
  2 guardian serpents (shapeshifter) (Abyss:4)
  A naga mage (Abyss:5)
  3 fire giant skeletons
  3 ice statues (IceCv)
  3 torpor snails
  3 water nymphs
  4 centaur zombies
  4 sirens
  2 eyes of devastation
  17 spiny frogs
  2 orange demons (Abyss:3)
  2 gargoyles
  A spriggan skeleton (Depths:1)
  8 hellions
  4 rime drakes
  A dire elephant skeleton (Geh:2)
  A red draconian zombie (Crypt:3)
  A rime drake (shapeshifter) (Depths:1)
  21 freezing wraiths
  5 tengu conjurers
  10 efreet
  30 demonic crawlers
  60 yaktaurs
  6 ice devils
  10 komodo dragons
  4 spectral redbacks (Spider:4)
  4 tormentors
  An anaconda simulacrum (Hell)
  A kobold demonologist (D:14)
  19 hellwings
  15 guardian mummies
  3 polar bears
  A queen bee (Spider:4)
  A death yak skeleton (Crypt:1)
  26 ancient zymes
  A catoblepas skeleton (Abyss:3)
  A purple draconian skeleton (Crypt:1)
  4 hydra zombies
  17 red devils
  A redback zombie (Spider:4)
  3 wind drakes
  2 meliai (shapeshifter)
  A troll (shapeshifter) (Vaults:2)
  47 jumping spiders
  6 meliai
  A harpy zombie (Crypt:3)
  21 merfolk
  18 trolls
  2 jumping spiders (shapeshifter)
  A spectral jumping spider (Spider:4)
  Grinder (D:4)
  2 spectral hornets (Spider:4)
  3 spectral tarantellas (Spider:4)
  56 raiju
  33 two-headed ogres
  An alligator zombie (Geh:2)
  4 tarantella zombies (Spider:4)
  12 boulder beetles
  A harpy skeleton (Geh:7)
  A bog body (Crypt:3)
  3 snapping turtles
  2 hornet zombies (Spider:4)
  A fire giant simulacrum (Hell)
  2 ice dragon zombies
  A fire dragon zombie (Geh:1)
  A shapeshifter (Abyss:4)
  29 blink frogs
  3 hydra skeletons
  12 dream sheep
  111 slime creatures
  3 ettin zombies
  2 black mamba zombies
  90 redbacks
  An alligator skeleton (Geh:7)
  52 flying skulls
  10 shadows
  39 water elementals
  A fire dragon skeleton (Depths:1)
  A centaur simulacrum (D:14)
  8 spriggans
  2 ettin skeletons
  2 vampires (Abyss:2)
  25 wraiths
  Eustachio (D:5)
  6 air elementals
  20 fire elementals
  Sigmund (D:6)
  15 ynoxinuls
  2 black mamba skeletons (Crypt:3)
  48 yaks
  26 tarantellas
  A yak (shapeshifter) (Depths:3)
  2 wyverns
  13 hippogriffs
  2 ice dragon skeletons
  12 chaos spawn
  5 hogs (Spider:3)
  4 hungry ghosts
  3 ushabtiu (Tomb:1)
  3 fire bats
  Grum (D:8)
  2 golden eyes (shapeshifter)
  29 golden eyes
  A basilisk (Lair:4)
  2 vampire mosquitoes (Spider:4)
  16 neqoxecs
  3 mottled dragons
  A steam dragon (D:9)
  4 insubstantial wisps (Abyss:1)
  4 nagas
  A gelid demonspawn zombie (Crypt:1)
  7 wargs
  4 spatial vortices
  A swamp worm (shapeshifter) (Vaults:2)
  An elf skeleton (Depths:1)
  A spiny frog zombie (Hell)
  19 water moccasins
  A hydra simulacrum (Crypt:2)
  A merfolk skeleton (Abyss:1)
  28 hell hounds
  15 porcupines
  7 giant eyeballs
  11 ice beasts
  Duvessa (D:4)
  A manticore zombie (Geh:7)
  35 orc warriors
  4 sky beasts
  A snapping turtle zombie (Crypt:3)
  12 wasps
  4 spiny frog skeletons
  3 black bears
  5 eyes of draining
  122 starcursed masses
  40 ogres
  A swamp drake (shapeshifter) (Abyss:2)
  7 phantoms
  An ogre (shapeshifter) (Vaults:1)
  7 necrophages
  29 wolves
  8 boggarts
  A snapping turtle skeleton (Crypt:3)
  16 centaurs
  15 crocodiles
  A crocodile (shapeshifter) (Depths:1)
  A rime drake zombie (Crypt:1)
  4 big kobolds
  16 giant frogs
  3 earth elementals
  Dowan (D:4)
  2 water moccasin zombies (Ossuary)
  10 wyvern skeletons
  A water moccasin skeleton (D:8)
  4 scorpions
  22 killer bees
  3 howler monkeys
  A troll skeleton (Geh:6)
  An electric eel (Lair:5)
  18 wights
  6 crimson imps
  6 giant frog zombies
  2 quasits (Abyss:2)
  A lava snake (Lair:5)
  6 hounds
  4 human zombies
  5 jellies
  5 centaur skeletons
  10 iron imps
  Ijyb (D:3)
  4 giant frog skeletons
  26 orc priests
  9 iguanas
  A two-headed ogre skeleton (Crypt:1)
  4 hell rats (Hell)
  25 orc wizards
  8 worker ants
  A killer bee zombie (D:6)
  A tengu zombie (Crypt:3)
  2 big kobold zombies (Ossuary)
  A hound zombie (D:6)
  A hound skeleton (D:7)
  31 mummies
  A worker ant zombie (D:9)
  A steam dragon zombie (Crypt:2)
  15 adders
  36 river rats
  4 shadow imps
  9 white imps
  4 ufetubi (Abyss:2)
  3 adder zombies
  4 worms
  A dart slug (D:4)
  3 giant geckos
  116 orcs
  5 bats
  6 giant cockroaches
  8 goblins
  7 hobgoblins
  4 jackals (D:2)
  20 kobolds
  4 quokkas
  A ball python (D:3)
  A giant gecko zombie (D:5)
  3 giant newts
  A gnoll zombie (Ossuary)
  5 hobgoblin zombies (Ossuary)
  A jackal skeleton (D:4)
  4 kobold zombies
  An orc skeleton (Crypt:2)
  7 orc zombies
  A quokka skeleton (D:4)
  A quokka zombie (D:7)
  8 rats
  A briar patch (Abyss:5)
  2 crawling corpses
  2 lurking horrors (Abyss:4)
  2 plants
  11 starspawn tentacles
  5 tentacles
4129 creatures vanquished.

Vanquished Creatures (collateral kills)
  2 sun demons (Geh:7)
  2 hell knights (Hell)
  A necromancer (Geh:7)
  A smoke demon (Hell)
  An ice devil (Hell)
  2 fire elementals (Hell)
  A human skeleton (Hell)
10 creatures vanquished.

Vanquished Creatures (others)
  A sphinx (Tomb:1)
  A frost giant (Vaults:5)
  An iron dragon (Vaults:4)
  A reaper (Geh:6)
  7 stone giants
  A deep elf annihilator (Vaults:5)
  2 merfolk javelineers
  6 yaktaur captains
  5 centaur warriors
  2 death scarabs
  A hell hog (Geh:1)
  2 deep elf knights (Elf:2)
  An anaconda zombie (Hell)
  A hill giant (Zot:4)
  9 deep elf archers
  A wolf spider (Spider:2)
  A faun (Shoals:3)
  2 cyclopes
  4 deep elf magi
  2 moths of wrath
  A spiny frog (Lair:6)
  21 yaktaurs
  A hydra skeleton (Tomb:1)
  A flying skull (Geh:6)
  2 wraiths
  A water elemental (Depths:2)
  An air elemental (Depths:2)
  A human (Spider:3)
  An orc warrior (Vaults:3)
  An ogre (Depths:1)
  6 centaurs
  3 small abominations
  4 wights
  A mummy (Tomb:2)
  A shadow imp (Abyss:2)
  An orc (Vaults:5)
  2 crawling corpses (Elf:3)
  31 fungi
  4 lurking horrors
  88 plants
  64 starspawn tentacles
  12 tentacles
  17 withered plants (Crypt:3)
316 creatures vanquished.

Grand Total: 4455 creatures vanquished

Notes
Turn   | Place    | Note
-------+----------+-------------------------------------------
     0 | D:1      | fernweh the Minotaur Monk began the quest for the Orb.
     0 | D:1      | Reached XP level 1. HP: 19/19 MP: 0/0
    88 | D:1      | Reached XP level 2. HP: 25/27 MP: 1/1
   278 | D:1      | Reached skill level 4 in Fighting
   696 | D:2      | Reached XP level 3. HP: 33/33 MP: 2/2
   805 | D:2      | Found an opulent altar of Gozag.
  1267 | D:3      | Found a sparkling altar of Nemelex Xobeh.
  1271 | D:3      | Reached skill level 1 in Unarmed Combat
  1338 | D:3      | Reached XP level 4. HP: 23/40 MP: 3/3
  1532 | D:3      | Noticed Ijyb
  1546 | D:3      | Killed Ijyb
  2075 | D:4      | Found a snail-covered altar of Cheibriados.
  2103 | D:4      | Reached XP level 5. HP: 33/47 MP: 4/4
  2201 | D:4      | Became a worshipper of Cheibriados the Contemplative
  2201 | D:4      | Reached * piety under Cheibriados
  2201 | D:4      | Reached ** piety under Cheibriados
  2259 | D:4      | Noticed Duvessa
  2259 | D:4      | Noticed Dowan
  2269 | D:4      | Killed Duvessa
  2269 | D:4      | Reached skill level 5 in Long Blades
  2269 | D:4      | Reached skill level 1 in Armour
  2283 | D:4      | Killed Dowan
  2283 | D:4      | Reached skill level 5 in Fighting
  2283 | D:4      | Reached XP level 6. HP: 42/56 MP: 5/5
  2399 | D:4      | Noticed Grinder
  2425 | D:4      | Killed Grinder
  2425 | D:4      | Reached skill level 5 in Dodging
  2425 | D:4      | Reached XP level 7. HP: 17/61 MP: 6/6
  3243 | D:5      | Entered Level 5 of the Dungeon
  3243 | D:5      | Found a stormy altar of Qazlal.
  3291 | D:5      | Reached skill level 6 in Fighting
  3351 | D:5      | Reached *** piety under Cheibriados
  3389 | D:5      | Found a blossoming altar of Fedhas.
  3444 | D:5      | Found a sparkling altar of Nemelex Xobeh.
  3475 | D:5      | Noticed Eustachio
  3489 | D:5      | Killed Eustachio
  3489 | D:5      | Reached XP level 8. HP: 71/71 MP: 7/7
  4048 | D:6      | Noticed meatyocre's ghost (novice MiMo)
  4106 | D:6      | Reached skill level 7 in Fighting
  4135 | D:6      | Reached skill level 5 in Armour
  4143 | D:6      | Reached **** piety under Cheibriados
  4330 | D:6      | Killed meatyocre's ghost
  4330 | D:6      | Reached skill level 8 in Fighting
  4330 | D:6      | Reached XP level 9. HP: 78/81 MP: 8/8
  4521 | D:6      | Found a basalt altar of Yredelemnul.
  4577 | D:6      | Found a white marble altar of Elyvilon.
  4660 | D:6      | Noticed Sigmund
  4667 | D:6      | Killed Sigmund
  4667 | D:6      | Reached skill level 1 in Invocations
  5360 | D:7      | Found a staircase to the Ecumenical Temple.
  5640 | D:8      | Found a sand-covered staircase.
  5647 | Ossuary  | Entered an ossuary
  5750 | Ossuary  | Reached ***** piety under Cheibriados
  5907 | D:8      | Noticed Grum
  5914 | D:8      | Killed Grum
  5914 | D:8      | Reached skill level 9 in Fighting
  5963 | D:8      | Found a radiant altar of Vehumet.
  6014 | D:8      | Found a shimmering altar of Xom.
  6017 | D:8      | Noticed Maurice
  6020 | D:8      | Reached XP level 10. HP: 77/91 MP: 11/11
  6033 | D:8      | Killed Maurice
  6695 | D:9      | Found a shadowy altar of Dithmenos.
  6696 | D:9      | Found a deep blue altar of Sif Muna.
  6696 | D:9      | Found an opulent altar of Gozag.
  6697 | D:9      | Found a radiant altar of Vehumet.
  6698 | D:9      | Reached skill level 10 in Fighting
  6699 | D:9      | Found a glowing golden altar of the Shining One.
  6761 | D:9      | Reached ****** piety under Cheibriados
  6771 | D:9      | Found a staircase to the Orcish Mines.
  6826 | D:9      | Reached skill level 10 in Long Blades
  6829 | D:9      | Reached skill level 5 in Invocations
  7194 | D:10     | Entered Level 10 of the Dungeon
  7321 | D:10     | Reached skill level 10 in Dodging
  7474 | D:10     | Noticed Nergalle
  7490 | D:10     | Killed Nergalle
  7490 | D:10     | Reached XP level 11. HP: 101/101 MP: 14/14
  7504 | D:10     | Noticed a hill giant
  7513 | D:10     | Killed a hill giant
  7529 | D:10     | Noticed a hill giant
  7534 | D:10     | Killed a hill giant
  8024 | D:11     | Found a staircase to the Lair.
  8034 | D:11     | Noticed a red ugly thing
  8048 | D:11     | Killed a red ugly thing
  8048 | D:11     | Reached skill level 11 in Fighting
  8188 | D:11     | Found Heewn's Assorted Antiques.
  8280 | D:11     | You fall through a shaft for 2 floors!
  8280 | D:13     | Noticed a centaur warrior
  8288 | D:13     | Killed a centaur warrior
  8458 | D:13     | Noticed an ogre mage
  8487 | D:13     | Killed an ogre mage
  8593 | D:12     | Got a brightly glowing ring mail
  8594 | D:12     | Identified the +1 ring mail of Boiling Hail {Str+4} (You found it on level 12 of the Dungeon)
  8639 | D:12     | Noticed Azrael
  8656 | D:12     | Killed Azrael
  8788 | D:12     | Reached skill level 12 in Fighting
  8788 | D:12     | Reached XP level 12. HP: 112/112 MP: 16/16
  9213 | D:11     | Found Acsoeva's Weapon Emporium.
  9400 | D:11     | Got a crystal mace
  9401 | D:11     | Identified the +4 mace "Lentugus" {freeze, rPois Int+2 Dex+5} (You found it on level 11 of the Dungeon)
  9588 | D:11     | Found Oratuafi's Assorted Antiques.
  9606 | D:11     | Found Zaewosul's Food Shop.
  9734 | Lair:1   | Entered Level 1 of the Lair of Beasts
  9757 | Lair:1   | Noticed an eight-headed hydra
  9763 | Lair:1   | Killed a five-headed hydra
 10657 | Lair:2   | Reached skill level 13 in Fighting
 10691 | Lair:2   | Reached XP level 13. HP: 122/122 MP: 18/18
 10919 | Lair:2   | Reached skill level 1 in Shields
 11509 | Lair:3   | Reached skill level 5 in Shields
 12678 | Lair:4   | Reached skill level 10 in Shields
 12679 | Lair:4   | Found a staircase to the Shoals.
 12762 | Lair:4   | Found a hole to the Spider Nest.
 13401 | Lair:5   | Reached XP level 14. HP: 116/129 MP: 19/19
 14084 | Lair:6   | Entered Level 6 of the Lair of Beasts
 14319 | Lair:6   | Found a frozen archway.
 14377 | IceCv    | Entered an ice cave
 14891 | Lair:6   | Reached skill level 15 in Shields
 15115 | Lair:6   | Identified the Collected Works on Stones
 15510 | Lair:6   | Found a staircase to the Slime Pits.
 16316 | Orc:1    | Entered Level 1 of the Orcish Mines
 16459 | Orc:2    | Entered Level 2 of the Orcish Mines
 16472 | Orc:2    | Found a bloodstained altar of Trog.
 16533 | Orc:2    | Found Xicid's Magic Scroll Boutique.
 16625 | Orc:2    | Noticed Rupert
 16645 | Orc:2    | Killed Rupert
 16645 | Orc:2    | Reached XP level 15. HP: 115/137 MP: 20/20
 16835 | Orc:2    | Noticed an orc warlord
 16875 | Orc:2    | Killed an orc warlord
 16875 | Orc:2    | Reached skill level 14 in Fighting
 17051 | Orc:2    | Reached skill level 15 in Long Blades
 17151 | Orc:2    | Noticed Josephine
 17189 | Orc:2    | Killed Josephine
 17297 | Orc:2    | Found Ciher's General Store.
 17298 | Orc:2    | Found Cehil's Book Shoppe.
 17300 | Orc:2    | Found Uqeys's Antique Armour Emporium.
 17300 | Orc:2    | Found Golu's Antique Weapon Emporium.
 17309 | Orc:2    | Bought a potion of beneficial mutation for 560 gold pieces
 17318 | Orc:2    | Gained mutation: You are covered in fur. (AC +1) [potion of beneficial mutation]
 17319 | Orc:2    | Gained mutation: Your mind is acute. (Int +2) [potion of beneficial mutation]
 17473 | Orc:2    | Found a staircase to the Elven Halls.
 17786 | Orc:2    | Bought a scroll of teleportation for 36 gold pieces
 17786 | Orc:2    | Bought a scroll of identify for 24 gold pieces
 17786 | Orc:2    | Bought a scroll of identify for 24 gold pieces
 17786 | Orc:2    | Bought a scroll of identify for 24 gold pieces
 18088 | Spider:1 | Entered Level 1 of the Spider Nest
 18506 | Spider:1 | Identified a scroll of acquirement
 18507 | Spider:1 | Got a fine quicksilver dragon armour
 18508 | Spider:1 | Identified the quicksilver dragon armour "Noippal" {MR+ Dex+3} (You acquired it on level 1 of the Spider Nest)
 18915 | Spider:1 | Reached skill level 15 in Fighting
 19132 | Spider:2 | Killed a ghost moth
 19812 | Spider:2 | Reached XP level 16. HP: 64/149 MP: 22/22
 21572 | Spider:2 | Noticed Roxanne
 22075 | Spider:2 | Killed Roxanne
 22075 | Spider:2 | Reached skill level 10 in Invocations
 22076 | Spider:2 | Identified Roxanne's Volume of Moulding (You took it off Roxanne on level 2 of the Spider Nest)
 22081 | Spider:2 | Learned a level 2 spell: Passwall
 22294 | Spider:3 | Noticed Arachne
 22310 | Spider:3 | Killed Arachne
 22634 | Spider:3 | Noticed Aizul
 22642 | Spider:3 | Killed Aizul
 22774 | Spider:3 | Noticed Kirke
 22775 | Spider:3 | Reached skill level 15 in Dodging
 22786 | Spider:3 | Killed Kirke
 22807 | Spider:3 | Got an ichor-stained shortbow
 22901 | Spider:3 | Learned a level 3 spell: Regeneration
 22903 | Spider:3 | Learned a level 1 spell: Pain
 22997 | Spider:3 | Reached skill level 16 in Fighting
 23093 | Spider:4 | Entered Level 4 of the Spider Nest
 23233 | Spider:4 | Noticed Donald
 23249 | Spider:4 | Killed Donald
 23591 | Spider:4 | Reached skill level 1 in Throwing
 23654 | Spider:4 | Reached XP level 17. HP: 158/158 MP: 23/23
 23769 | Spider:4 | Identified the +8 shortbow "Hiffeig" {venom, +Blink rC- rN+++ Int-3} (You found it on level 3 of the Spider Nest)
 24178 | Spider:4 | Reached skill level 5 in Throwing
 24334 | Spider:4 | Got a gossamer rune of Zot
 25198 | Shoals:1 | Entered Level 1 of the Shoals
 26010 | Shoals:2 | Reached XP level 18. HP: 166/166 MP: 24/24
 27026 | Shoals:3 | Noticed Bai Suzhen
 27070 | Shoals:3 | Killed Bai Suzhen
 27070 | Shoals:3 | Reached XP level 19. HP: 150/172 MP: 25/25
 27440 | Shoals:4 | Entered Level 4 of the Shoals
 28011 | Shoals:4 | Got a barnacled rune of Zot
 28059 | Shoals:4 | Noticed Jorgrun
 28074 | Shoals:4 | Noticed Ilsuiw
 28088 | Shoals:4 | Killed Jorgrun
 28120 | Shoals:4 | Killed Ilsuiw
 28729 | Elf:1    | Entered Level 1 of the Elven Halls
 28892 | Elf:1    | Noticed Asterion
 28907 | Elf:1    | Killed Asterion
 30301 | Elf:2    | Found a huge runed gate.
 30301 | Elf:2    | Found a huge runed gate.
 30301 | Elf:2    | Found a huge runed gate.
 30301 | Elf:2    | Found a huge runed gate.
 30301 | Elf:2    | Found a huge runed gate.
 31230 | Elf:3    | Entered Level 3 of the Elven Halls
 31299 | Elf:3    | Reached XP level 20. HP: 180/180 MP: 26/26
 32105 | Elf:3    | Gained mutation: Your muscles are strong. (Str +2) [a neqoxec]
 32498 | Elf:3    | Got an uncursed transparent great sword {drain}
 32499 | Elf:3    | Identified the +4 great sword of the Fool {drain, Int+5 Dex+2} (You found it on level 3 of the Elven Halls)
 32583 | Elf:3    | Got a pitted steel ring
 32615 | Elf:3    | Got a scintillating platinum ring
 32616 | Elf:3    | Got a pitted long sword {slice}
 32757 | Elf:3    | Identified the ring "Uthuapes" {+Fly rF+ rN+ Int+4} (You took it off a deep elf blademaster on level 3 of the Elven Halls)
 32759 | Elf:3    | Identified the ring "Duec" {rN+ Int+5 Dex-5} (You took it off a deep elf sorcerer on level 3 of the Elven Halls)
 32762 | Elf:3    | Identified the +4 long sword "Wusoimoz" {slice, *Noise rElec Int+3} (You took it off a deep elf sorcerer on level 3 of the Elven Halls)
 32778 | Elf:3    | Got a heavily runed plate armour
 32782 | Elf:3    | Got a dazzling falchion {holy}
 32800 | Elf:3    | Identified the +0 falchion of Doom {holy, *Confuse Int+8 Dex-2 Stlth+} (You took it off a deep elf sorcerer on level 3 of the Elven Halls)
 32826 | Elf:3    | Identified the cursed +1 plate armour "Qaetuh" {*Corrode rC+ Dex+5} (You took it off a deep elf high priest on level 3 of the Elven Halls)
 32835 | Elf:3    | Upgraded the game from 0.19-a0-1494-gdfa627f to 0.19-a0-1498-g0b85ae9
 33233 | Elf:3    | Identified the Grimoire of Evil
 33887 | Elf:3    | Got a jewelled whip {holy}
 33888 | Elf:3    | Identified the +2 whip "Batziguuqe" {holy, rF- rC+ Int+3} (You took it off a deep elf high priest on level 3 of the Elven Halls)
 34034 | Elf:1    | Reached skill level 10 in Armour
 34167 | Orc:1    | Found Detintuy's Armour Shoppe.
 34168 | Orc:1    | Found a roughly hewn altar of Beogh.
 35497 | D:14     | Reached XP level 21. HP: 174/190 MP: 27/27
 35539 | D:14     | Found a gate to the Vaults.
 35639 | D:14     | Found a sacrificial altar of Ru.
 35774 | D:15     | Entered Level 15 of the Dungeon
 35937 | D:15     | Reached skill level 17 in Fighting
 36071 | D:15     | Found a staircase to the Depths.
 36229 | D:15     | Noticed Louise
 36243 | D:15     | Killed Louise
 36720 | Depths:1 | Entered Level 1 of the Depths
 36794 | Vaults:1 | Entered Level 1 of the Vaults
 38480 | Vaults:2 | Found Edolaaxt's Armour Boutique.
 38534 | Vaults:2 | Bought the +3 pair of gauntlets of War {Slay+5} for 665 gold pieces
 38534 | Vaults:2 | Bought a +2 pair of boots for 231 gold pieces
 38753 | Vaults:2 | Found a staircase to the Crypt.
 40082 | Vaults:3 | Reached XP level 22. HP: 186/200 MP: 28/28
 40593 | Vaults:3 | Learned a level 3 spell: Ozocubu's Armour
 40952 | Vaults:3 | Noticed Margery
 40976 | Vaults:3 | Killed Margery
 41723 | Vaults:4 | Found Nosori's Antique Weapon Emporium.
 43021 | Vaults:5 | Entered Level 5 of the Vaults
 43043 | Vaults:5 | Reached XP level 23. HP: 204/206 MP: 7/31
 43888 | Vaults:4 | Reached skill level 15 in Invocations
 45795 | Vaults:5 | Got a bound platinum ring
 45873 | Vaults:5 | Got a sparkling silver ring
 45897 | Vaults:5 | Got a silver rune of Zot
 45953 | Vaults:5 | Identified the ring of Red Wine {*Tele +Fly} (You took it off an ironheart preserver on level 5 of the Vaults)
 45955 | Vaults:5 | Identified the ring of Husanlurr {*Tele rElec rPois Stlth+} (You took it off an orc knight on level 5 of the Vaults)
 45961 | Vaults:5 | Gained mutation: Your flesh is heat resistant. (rF+) [potion of beneficial mutation]
 45962 | Vaults:5 | Gained mutation: Your spells are a little harder to cast, but a little more powerful. [potion of beneficial mutation]
 46161 | Vaults:5 | Reached skill level 1 in Evocations
 46679 | Vaults:5 | Learned a level 1 spell: Summon Butterflies
 46707 | Vaults:5 | Reached XP level 24. HP: 214/214 MP: 34/34
 47175 | Depths:1 | Found a one-way gate leading to the halls of Pandemonium.
 47242 | Depths:1 | Found a gateway to a ziggurat.
 47242 | Depths:1 | Noticed Fruden's ghost (adept DgWn)
 47243 | Depths:1 | Paralysed by a giant eyeball for 3 turns
 47248 | Depths:1 | Paralysed by a giant eyeball for 2 turns
 47260 | Depths:1 | Killed Fruden's ghost
 47369 | Depths:1 | Found a gateway to Hell.
 47784 | Depths:1 | Reached skill level 5 in Evocations
 49703 | Depths:2 | Reached skill level 10 in Throwing
 49858 | Depths:2 | Noticed a juggernaut
 49885 | Depths:2 | Noticed a juggernaut
 49886 | Depths:2 | Killed a juggernaut
 50307 | Depths:2 | Reached XP level 25. HP: 157/221 MP: 16/35
 50456 | Depths:2 | Noticed a juggernaut
 50474 | Depths:2 | Killed a juggernaut
 50529 | Depths:2 | Killed a juggernaut
 50964 | Depths:2 | Gained mutation: You are robust. (+10% HP) [potion of beneficial mutation]
 50977 | Depths:2 | Got a dazzling chain mail
 51022 | Depths:2 | Identified the cursed +1 chain mail of Nuovvy {MR++ Str+2} (You found it on level 2 of the Depths)
 51051 | Depths:2 | Upgraded the game from 0.19-a0-1498-g0b85ae9 to 0.19-a0-1511-g16f215b
 51321 | Depths:3 | Noticed Jory
 51343 | Depths:3 | Killed Jory
 51392 | Depths:3 | Found Ugro's Jewellery Boutique.
 51464 | Depths:3 | Got a bound lead ring
 51466 | Depths:3 | Got an ancient ring mail
 51476 | Depths:3 | Identified the ring "Plog" {rElec MR+ Str+2 Dex+3} (You found it on level 3 of the Depths)
 51477 | Depths:3 | Identified the +0 ring mail of a wizard's laboratory {Dex+3} (You found it on level 3 of the Depths)
 51502 | Depths:3 | Paralysed by a giant eyeball for 4 turns
 51574 | Depths:3 | Noticed Sojobo
 51604 | Depths:3 | Killed Sojobo
 51618 | Depths:3 | Got a twitching pewter ring
 51756 | Depths:3 | Noticed Mara
 51764 | Depths:3 | Noticed fernweh's illusion
 51845 | Depths:3 | Killed Mara
 52050 | Depths:3 | Got a glittering silver ring
 52511 | Depths:3 | Identified the ring "Hejaob" {rCorr +Blink rPois MR- SInv} (You took it off a tengu reaver on level 3 of the Depths)
 52513 | Depths:3 | Identified the ring of Xom's Sleight of Hands {rPois EV+3 Dex+3} (You took it off a deep elf knight on level 3 of the Depths)
 52607 | Depths:3 | Found Vuryut's Assorted Antiques.
 52873 | Depths:4 | Found a shattered altar of Ashenzari.
 53053 | Depths:4 | Found a one-way gate to the infinite horrors of the Abyss.
 53325 | Depths:4 | Reached XP level 26. HP: 223/250 MP: 36/36
 53530 | Depths:4 | Reached skill level 15 in Throwing
 53867 | Depths:4 | Reached skill level 10 in Evocations
 54157 | Depths:5 | Entered Level 5 of the Depths
 54157 | Depths:5 | Noticed Saint Roka
 54174 | Depths:5 | Killed Saint Roka
 54339 | Depths:5 | Noticed a juggernaut
 54386 | Depths:5 | Killed a juggernaut
 54826 | Depths:5 | Found a gate to the Realm of Zot.
 55528 | Depths:5 | Voluntarily entered the Abyss.
 55528 | Abyss:1  | Found a corrupted altar of Lugonu.
 55814 | Depths:5 | Escaped the Abyss
 56020 | Depths:5 | Voluntarily entered the Abyss.
 56174 | Depths:5 | Escaped the Abyss
 56397 | Depths:5 | Reached skill level 18 in Fighting
 56535 | Depths:5 | Voluntarily entered the Abyss.
 56536 | Abyss:1  | Found a corrupted altar of Lugonu.
 57087 | Abyss:2  | Lost mutation: Your muscles are strong. (Str +2) [a neqoxec]
 57089 | Abyss:2  | Gained mutation: Armour fits poorly on your strangely shaped body. [a neqoxec]
 57130 | Abyss:2  | Reached XP level 27. HP: 203/262 MP: 36/36
 57630 | Abyss:3  | Paralysed by you for 4 turns
 57734 | Abyss:3  | Paralysed by accursed screaming for 1 turns
 57862 | Abyss:3  | Found a corrupted altar of Lugonu.
 58017 | Abyss:3  | Lost mutation: You are robust. (+10% HP) [mutagenic glow]
 58034 | Abyss:3  | Paralysed by accursed screaming for 1 turns
 58048 | Abyss:3  | Gained mutation: You tend to lose your temper in combat. [a neqoxec]
 58390 | Abyss:4  | Reached skill level 19 in Fighting
 58544 | Abyss:5  | Entered Level 5 of the Abyss
 58746 | Abyss:5  | Found a corrupted altar of Lugonu.
 58840 | Depths:5 | Escaped the Abyss
 58963 | Depths:5 | Voluntarily entered the Abyss.
 58988 | Abyss:1  | Paralysed by accursed screaming for 1 turns
 59001 | Abyss:1  | Paralysed by accursed screaming for 1 turns
 59014 | Depths:5 | Escaped the Abyss
 59415 | Depths:5 | Upgraded the game from 0.19-a0-1511-g16f215b to 0.19-a0-1513-gf6d23ed
 59825 | Slime:1  | Entered Level 1 of the Pits of Slime
 59963 | Slime:1  | Gained mutation: You are partially covered in thin metallic scales. (AC +2) [a shining eye]
 60196 | Slime:2  | Paralysed by a giant eyeball for 3 turns
 60703 | Slime:4  | Reached skill level 20 in Fighting
 60828 | Slime:5  | Entered Level 5 of the Pits of Slime
 60882 | Slime:5  | Lost mutation: Your spells are a little harder to cast, but a little more powerful. [a shining eye]
 60899 | Slime:5  | Noticed the Royal Jelly
 61701 | Slime:5  | Gained mutation: You expend magic power (3 MP) to strengthen your wands. [a shining eye]
 61710 | Slime:5  | Gained mutation: You occasionally shout uncontrollably at your foes. [a shining eye]
 61713 | Slime:5  | Gained mutation: You often lose your temper in combat. [a shining eye]
 61714 | Slime:5  | Gained mutation: You sometimes yell uncontrollably at your foes. [a shining eye]
 62454 | Slime:5  | Found a viscous altar of Jiyva.
 63342 | Crypt:1  | Entered Level 1 of the Crypt
 63497 | Crypt:1  | Lost mutation: Your flesh is heat resistant. (rF+) [potion of cure mutation]
 63497 | Crypt:1  | Lost mutation: You sometimes yell uncontrollably at your foes. [potion of cure mutation]
 63497 | Crypt:1  | Lost mutation: You expend magic power (3 MP) to strengthen your wands. [potion of cure mutation]
 63698 | Crypt:1  | Noticed a greater mummy
 63738 | Crypt:1  | Noticed Khufu
 63738 | Crypt:1  | Noticed a greater mummy
 64041 | Crypt:1  | Noticed Mennas
 64072 | Crypt:1  | Killed Mennas
 64290 | Crypt:1  | Killed Khufu
 64290 | Crypt:1  | Reached skill level 15 in Armour
 64295 | Crypt:1  | Killed a greater mummy
 64303 | Crypt:1  | Killed a greater mummy
 64543 | Crypt:1  | Reached skill level 21 in Fighting
 65393 | Crypt:3  | Entered Level 3 of the Crypt
 65515 | Crypt:3  | Identified the Compendium of Black Arts
 65631 | Crypt:3  | Noticed Frederick
 65649 | Crypt:3  | Killed Frederick
 66062 | Crypt:3  | Found a staircase to the Tomb.
 66371 | Crypt:3  | Found an ancient bone altar of Kikubaaqudgha.
 66480 | Crypt:3  | Got an ancient steel ring
 66514 | Crypt:3  | Noticed an ancient lich
 66517 | Crypt:3  | Noticed an ancient lich
 66527 | Crypt:3  | Killed an ancient lich
 66534 | Crypt:3  | Killed an ancient lich
 67483 | Tomb:1   | Entered Level 1 of the Tomb of the Ancients
 67522 | Tomb:1   | Learned a level 2 spell: Swiftness
 67580 | Tomb:1   | Reached skill level 22 in Fighting
 67772 | Tomb:1   | Identified the ring of Lyfaeck {-Tele rF+++ rC- Int+4 Slay+5 SInv} (You took it off a necromancer on level 3 of the Crypt)
 68370 | Tomb:1   | Noticed an ancient lich
 68374 | Tomb:1   | Killed an ancient lich
 68427 | Tomb:1   | Noticed an ancient lich
 68432 | Tomb:1   | Killed an ancient lich
 68879 | Tomb:2   | Noticed a greater mummy
 68879 | Tomb:2   | Noticed a greater mummy
 68880 | Tomb:2   | Noticed a greater mummy
 68880 | Tomb:2   | Noticed a greater mummy
 69071 | Tomb:1   | HP: 15/382 [guardian mummy's death curse (20)]
 69548 | Tomb:1   | Killed a greater mummy
 69870 | Tomb:1   | Killed a greater mummy
 70739 | Crypt:3  | Got a transparent granite ring
 70739 | Crypt:3  | Got a coiled amber ring
 70743 | Crypt:3  | Identified the ring "Ynorurgh" {rC+ rN+} (You found it on level 3 of the Crypt)
 70744 | Crypt:3  | Identified the ring "Kuz Nas" {rF+ rC+ rN+ MR-} (You found it on level 3 of the Crypt)
 71539 | Depths:4 | Got a smoking morningstar {crush}
 71540 | Depths:4 | Identified the +0 morningstar of Ehaasa {crush, rPois Dex+2} (You took it off a deep elf demonologist on level 4 of the Depths)
 71771 | Depths:5 | Reached skill level 23 in Fighting
 71790 | Zot:1    | Entered Level 1 of the Realm of Zot
 72776 | Zot:2    | Reached skill level 1 in Transmutations
 73686 | Zot:3    | Reached skill level 24 in Fighting
 74158 | Zot:4    | Reached skill level 5 in Transmutations
 75214 | Zot:5    | Entered Level 5 of the Realm of Zot
 75666 | Zot:5    | Reached skill level 1 in Spellcasting
 75676 | Zot:5    | Noticed an ancient lich
 75680 | Zot:5    | Noticed an ancient lich
 75689 | Zot:5    | Killed an ancient lich
 75694 | Zot:5    | Killed an ancient lich
 76501 | Slime:5  | Killed the Royal Jelly
 76501 | Slime:5  | Reached skill level 25 in Fighting
 76742 | Slime:4  | Gained mutation: You sometimes yell uncontrollably at your foes. [a shining eye]
 76947 | Slime:5  | Gained mutation: You expend magic power (3 MP) to strengthen your wands. [a shining eye]
 77084 | Slime:5  | Got a slimy rune of Zot
 77699 | Pan      | Entered Pandemonium
 77723 | Pan      | Found an exit through the horrors of the Abyss.
 77756 | Pan      | Took an exit into the Abyss.
 77756 | Abyss:1  | Escaped into the Abyss
 77864 | Abyss:1  | Gained mutation: Your body sometimes deteriorates upon taking damage. [a neqoxec]
 77963 | Abyss:2  | Paralysed by accursed screaming for 1 turns
 78369 | Abyss:2  | Found a corrupted altar of Lugonu.
 79092 | Abyss:3  | Found a roughly hewn altar of Beogh.
 79112 | Abyss:3  | Reached skill level 5 in Spellcasting
 79382 | Abyss:3  | Paralysed by accursed screaming for 1 turns
 79484 | Abyss:4  | Found a corrupted altar of Lugonu.
 79487 | Abyss:4  | Found a corrupted altar of Lugonu.
 79548 | Abyss:4  | Found a corrupted altar of Lugonu.
 79593 | Abyss:5  | Entered Level 5 of the Abyss
 79858 | Abyss:5  | Paralysed by accursed screaming for 2 turns
 79863 | Depths:1 | Escaped the Abyss
 80403 | Depths:4 | Voluntarily entered the Abyss.
 80430 | Abyss:1  | Reached skill level 26 in Fighting
 80639 | Depths:4 | Escaped the Abyss
 80749 | Depths:4 | Voluntarily entered the Abyss.
 80893 | Abyss:1  | Paralysed by accursed screaming for 2 turns
 80902 | Abyss:1  | Paralysed by accursed screaming for 1 turns
 80945 | Depths:4 | Escaped the Abyss
 81070 | Depths:4 | Voluntarily entered the Abyss.
 81128 | Abyss:1  | Gained mutation: You have an uncontrollable temper. [a neqoxec]
 82650 | Abyss:4  | Got an abyssal rune of Zot
 82776 | Abyss:5  | Entered Level 5 of the Abyss
 82907 | Abyss:5  | Reached skill level 5 in Unarmed Combat
 83002 | Depths:4 | Escaped the Abyss
 83079 | Hell     | Entered the Vestibule of Hell
 83079 | Hell     | Noticed Geryon
 83086 | Depths:4 | Learned a level 1 spell: Apportation
 83109 | Hell     | Noticed Murray
 83425 | Hell     | Killed Murray
 83457 | Hell     | Killed Geryon
 83510 | Hell     | Found a gateway to the ashen valley of Gehenna.
 83610 | Hell     | Found a gateway to the Iron City of Dis.
 83679 | Hell     | Found a gateway to the freezing wastes of Cocytus.
 83846 | Hell     | Found a gateway to the decaying netherworld of Tartarus.
 84102 | Geh:1    | Entered Level 1 of Gehenna
 84144 | Geh:1    | Reached skill level 27 in Fighting
 84714 | Geh:7    | Entered Level 7 of Gehenna
 84767 | Geh:7    | Gained mutation: You are frail. (-10% HP) [mutagenic glow]
 85852 | Geh:7    | Noticed Asmodeus
 85897 | Geh:7    | Killed from afar by a Brimstone Fiend

Vault maps used:
D:1:      lightli_arrival_boilingwater, corner_web_ring, minmay_liquid_box
D:2:      nicolae_gozag_cash_rules_everything_around_me
D:3:      nemelex_xobeh_ov_fountains_minmay, uniq_iyjb
D:4:      kennysheep_slug_shrine, first_bread, nrook_loot_triangle,
          uniq_grinder, uniq_duvessa
D:5:      fedhas_altar_3, nicolae_overflow_hidden_temple,
          kennysheep_big_empty_room, grunt_qazlal_clouds, uniq_eustachio
D:6:      kennysheep_ying_yang, uniq_sigmund
D:8:      tgw_xom, gup_ossuary_entry_pyramid, vehumet_altar_wand_db, uniq_grum,
          uniq_maurice
D:9:      grunt_temple_overflow_open, david_orc_2
D:10:     uniq_nergalle
D:11:     minmay_lair_entry_lava, serial_shops, nicolae_shop_behind_doors, shop,
          shop, nicolae_shop_stone
D:12:     the_bakery, mumra_transporter_accident, uniq_azrael
D:13:     serial_undead, serial_undead_d, serial_undead_a, serial_undead_d,
          serial_undead_f
D:14:     david_vaults_1, nicolae_ru_path_of_blood
D:15:     hangedman_depths_entry_try_elsewhere_first, solitary_fountain,
          uniq_louise
Lair:1:   uniq_prince_ribbit2
Lair:2:   serial_bayou_shore_a
Lair:4:   minmay_shoals_entry_beasts, spider_nest_entry_webs,
          infiniplex_staircase_pool_2, serial_bayou_shore_b
Lair:5:   grunt_forest_stairs_clearing, serial_bayou_shore_b, grunt_megastairs_5
Lair:6:   gammafunk_lair_ancient_temple, minmay_slime_entry_oklob_enclosed,
          portal_ice_cave_demonic_guard
Shoals:2: hangedman_shoals_cup_caves
Shoals:3: nicolae_shoals_dead_sea_scrolls, uniq_polyphemus, uniq_bai_suzhen
Shoals:4: shoals_end_hangedman, shoals_ilsuiw_alternative,
          nicolae_shoals_wave_tunnel, uniq_jorgrun
Spider:1: nicolae_spider_nook
Spider:2: uniq_roxanne
Spider:3: uniq_kirke, uniq_arachne, uniq_aizul
Spider:4: floodkiller_spider_rune_tomb, special_room,
          einodemon_crawler_minivault, uniq_donald
Orc:1:    serial_shops, nicolae_shop_temple_entry_statues_fountains, basic_altar
Orc:2:    st_orc_congregation, basic_altar, serial_shops,
          nicolae_shop_waterfront, uniq_rupert, uniq_josephine
Elf:1:    hangedman_corner_corridor, uniq_asterion
Elf:3:    minmay_elf_hall_golems, fake_guardian_serpent_vault
Vaults:1: dpeg_vaults_monster_row, vaults_mumra_chevron,
          ontoclasm_vaults_loading_screen, hangedman_vaults_stream, v_misc_30,
          hangedman_vaults_snaps, grunt_vaults_swirl,
          vaults_mumra_minichess_inversion, nicolae_vaults_little_squares_6,
          nicolae_vaults_shelves_hall, ontoclasm_vaults_ring_large,
          nicolae_vaults_ring_of_whatevers, grunt_vaults_focal,
          nicolae_vaults_theta, vaults_mumra_lcd
Vaults:2: v_rooms_3, hangedman_vaults_locks, dpeg_vaults_waves,
          nicolae_vaults_asterisk, nicolae_vaults_stairing_the_circle,
          vaults_room_mumra_shop_pool, nicolae_vaults_circle_grid_a,
          hangedman_vaults_maws, minmay_crypt_entry_simple_walls,
          hangedman_vaults_capsules, nicolae_vaults_border_crossing,
          vaults_room_pool
Vaults:3: vaults_mumra_hex, vaults_room_pools, grunt_vaults_trifunnel,
          v_alt_pattern_2, hangedman_vaults_corner, vaults_room_ringed_pool,
          ontoclasm_vaults_claustrophobia, nicolae_vaults_shelves_hall,
          uniq_margery
Vaults:4: ontoclasm_vaults_eye, vaults_room_grid, hangedman_vaults_cutoff,
          ontoclasm_vaults_spin, nicolae_vaults_little_squares_6, v_misc_26,
          nicolae_vaults_big_ls, nicolae_vaults_network_star,
          vaults_room_octagon, ontoclasm_vaults_ring_small,
          grunt_vaults_hallway_long, v_alt_pattern_3, serial_shops,
          nicolae_shop_trees
Crypt:1:  grunt_crypt_arrival_guarded_gate, uniq_mennas, uniq_khufu
Crypt:3:  evilmike_haunted_forest, uniq_frederick
Depths:1: enter_ziggurat_c, pan_entry, serial_shops, bzr_entry_water,
          pf_vacation_house_of_asmodeus, minmay_fountain_box,
          minmay_variable_closet, nrook_pool_corridor, serial_bayou_lagoon_b
Depths:2: gammafunk_depths_water_palace, hell_entry
Depths:3: hangedman_spin_cycle, serial_shops, hell_entry, pan_entry, uniq_mara,
          uniq_jory
Depths:4: cross_vault, minmay_room_of_horrors, small_statue_intersection,
          pf_hell_entry_tar_spiral, wad_floor_pattern_untrapped,
          ashenzari_altar_1
Depths:5: evilmike_zot_entry_diamond, grunt_decor_resistance,
          hangedman_coc_ice_floe, abyss_entry, minmay_misc_feat_doors,
          minmay_misc_feat_room, serial_bayou_shore_b, basic_stair_grate_trap,
          uniq_saint_roka
Geh:3:    lemuel_old_faithful
Geh:4:    minmay_fire_ice_demons
Geh:6:    lemuel_flamethrower_2
Geh:7:    geh_mu
Zot:4:    lemuel_halls_of_wrath
Abyss:1:  hangedman_abyss_overflow_altar
Abyss:3:  due_evilmike_abyss_rune_seething_liches, evilmike_abyss_exit_12,
          evilmike_nicolae_abyss_rune_containment_curve,
          bh_abyss_xom_lugonu_altar
Abyss:4:  evilmike_abyss_exit_15, grunt_abyss_rune_forest_and_sorcery,
          evilmike_abyss_exit_3, lemuel_flamethrower_3, evilmike_abyss_exit_12,
          nicolae_abyss_rune_left_handed, evilmike_abyss_exit_2,
          hangedman_abyss_or_decor_stabs,
          hangedman_grunt_abyss_rune_horror_hoard
Abyss:5:  evilmike_abyss_exit_mutagenic, nicolae_abyss_rune_star_stuff,
          evilmike_abyss_exit_chaos, evilmike_abyss_exit_smiterflies,
          hangedman_abyss_or_decor_clamps, hangedman_abyss_or_decor_slice,
          hangedman_abyss_monster_moat, hangedman_abyss_rune_flesh_and_stone,
          bh_abyss_exit_grid, evilmike_abyss_exit_8,
          hangedman_abyss_or_decor_passed, hangedman_decor_riveting,
          hangedman_decor_peaks_small
Pan:      rand_demon_1, pan_blood_fountain, special_room
Ossuary:  ossuary_tomb_2
IceCv:    ice_cave_statue_garden_chambered

Skill      XL: |  1  2  3  4  5  6  7  8  9 10 11 12 13 14 15 16 17 18 19 20 21 22 23 24 25 26 27 |
---------------+----------------------------------------------------------------------------------+-----
Fighting       | 4 5 6 8 9 10 12 13 15 16 17 18 27 | 27.0
Long Blades    | 4 5 6 7 9 10 11 12 14 16 17 19 20 25 | 25.3
Unarmed Combat | 1 2 3 4 5 |  5.0
Dodging        | 4 5 6 7 8 10 11 12 13 14 15 17 20 21 23 | 23.8
Armour         | 1 2 4 6 9 10 11 23 | 23.1
Invocations    | 3 5 7 8 9 10 13 17 19 20 | 20.3
Shields        | 11 15 16 19 20 23 25 | 25.2
Throwing       | 1 5 11 14 16 | 16.3
Evocations     | 2 5 8 11 13 | 13.5
Transmutations | 8 |  8.1
Spellcasting   | 8 |  8.3
Stealth        | |  1.5

Action                   |  1- 3 |  4- 6 |  7- 9 | 10-12 | 13-15 | 16-18 | 19-21 | 22-24 | 25-27 || total
-------------------------+-------+-------+-------+-------+-------+-------+-------+-------+-------++-------
Melee: Falchion          |    82 |   113 |   236 |   527 |  1224 |  1262 |   874 |       |  2921 ||  7239
       Headbutt          |     9 |    27 |    96 |   200 |   559 |   566 |   921 |   920 |  3112 ||  6410
       Punch             |     1 |     2 |     3 |    25 |     6 |       |       |       |       ||    37
       Great sword       |       |       |    29 |       |       |       |       |       |       ||    29
       Scimitar          |       |       |       |     6 |   140 |    34 |   203 |     8 |       ||   391
       Long sword        |       |       |       |       |       |       |  1036 |  2007 |  3988 ||  7031
Throw: Javelin           |       |       |       |     4 |    15 |     3 |    21 |    17 |   237 ||   297
       Tomahawk          |       |       |       |       |    14 |    52 |       |       |       ||    66
Invok: Slouch            |       |       |       |     2 |     9 |    15 |    10 |    17 |    27 ||    80
       Bend Time         |       |       |       |       |       |     1 |       |       |       ||     1
       Step From Time    |       |       |       |       |       |       |       |       |     3 ||     3
Evoke: Wand              |       |       |       |       |       |       |     4 |     1 |     5 ||    10
       Horn of Geryon    |       |       |       |       |       |       |       |       |     2 ||     2
  Use: Scroll            |       |       |    11 |    13 |    12 |     8 |    12 |     8 |    30 ||    94
       Potion            |       |       |       |     4 |     8 |     4 |     7 |     2 |    36 ||    61
 Stab: Sleeping          |     2 |     2 |     9 |    13 |    14 |       |     7 |     4 |    15 ||    66
       Distracted        |       |       |       |     6 |     3 |     3 |     7 |     2 |    19 ||    40
       Paralysed         |       |       |       |       |       |       |       |       |     1 ||     1
       Invisible         |       |       |       |       |       |       |       |       |     2 ||     2
       Petrifying        |       |       |       |       |       |       |       |       |     2 ||     2
  Eat: Chunk             |     1 |     4 |     6 |     6 |    10 |     9 |    21 |    22 |    42 ||   121
       Pizza             |       |       |       |     2 |     2 |     1 |       |       |     2 ||     7
       Fruit             |       |       |       |       |     8 |     6 |     8 |       |    14 ||    36
       Royal jelly       |       |       |       |       |     2 |       |       |       |     9 ||    11
       Beef jerky        |       |       |       |       |       |       |       |     1 |    11 ||    12
       Meat ration       |       |       |       |       |       |       |       |       |     6 ||     6
       Bread ration      |       |       |       |       |       |       |       |       |     3 ||     3
Armor: Robe              |    19 |     2 |       |       |       |       |       |       |       ||    21
       Leather armour    |       |    18 |    46 |    23 |       |       |       |       |       ||    87
       Skin              |       |       |       |    17 |       |       |       |       |       ||    17
       Ring mail         |       |       |       |    20 |   106 |       |       |       |       ||   126
       Quicksilver drago |       |       |       |       |    71 |   150 |   140 |   164 |   545 ||  1070
       Gold dragon armou |       |       |       |       |       |       |       |       |   205 ||   205
Dodge: Dodged            |    48 |    61 |   185 |   401 |   887 |   921 |   943 |  1142 |  3814 ||  8402
Block: Other             |       |       |       |     1 |    14 |       |       |       |       ||    15
       Shield            |       |       |       |       |  1071 |   348 |       |       |       ||  1419
       Reflection        |       |       |       |       |    11 |    39 |   286 |   137 |   186 ||   659
       Large shield      |       |       |       |       |       |  1324 |  2436 |  2565 |  9319 || 15644
